 Dungeon Crawl Stone Soup version 0.28.0 (webtiles) character file.

Game seed: 3668129598324516781

92 dolemite99 the Chopper (level 4, -1/37 HPs)
             Began as a Hill Orc Gladiator on Feb 9, 2022.
             Was an Initiate of Beogh.
             Killed from afar by an orc wizard (6 damage)
             ... with a magic dart
             ... on level 3 of the Dungeon.
             The game lasted 00:02:48 (3106 turns).

dolemite99 the Chopper (Hill Orc Gladiator)         Turns: 3106, Time: 00:02:48

Health: -1/37      AC:  6    Str: 18    XL:     4   Next: 60%
Magic:  4/4        EV: 11    Int:  8    God:    Beogh [......]
Gold:   79         SH:  0    Dex: 12    Spells: 3/3 levels left

rFire   . . .      SeeInvis .   a - +0 war axe
rCold   . . .      Faith    +   (no shield)
rNeg    . . .      Spirit   .   k - +0 ring mail
rPois   .          Reflect  .   c - +0 helmet
rElec   .          Harm     .   (no cloak)
rCorr   .          Rampage  .   (no gloves)
Will    .....                   (no boots)
Stlth   +.........              n - amulet of faith
HPRegen 0.12/turn               (no ring)
MPRegen 0.09/turn               (no ring)

@: no status effects
A: no striking features
a: Renounce Religion


You were on level 3 of the Dungeon.
You worshipped Beogh.
Beogh was noncommittal.
You visited 1 branch of the dungeon, and saw 3 of its levels.

You collected 79 gold pieces.

Inventory:

Hand Weapons
 a - a +0 war axe (weapon)
 l - a +0 short sword of protection
Missiles
 d - 2 throwing nets
 g - 5 boomerangs (quivered)
 m - 18 stones
Armour
 b - a +0 leather armour
 c - a +0 helmet (worn)
 k - a +0 ring mail (worn)
Jewellery
 f - a ring of ice
 n - an amulet of faith (around neck)
Scrolls
 e - 3 scrolls of teleportation {unknown}
 h - 4 scrolls of identify {unknown}
 i - a scroll of magic mapping {unknown}


   Skills:
 - Level 2.4 Fighting
 + Level 6.9 Axes
 - Level 1.7 Throwing
 - Level 2.4 Dodging


You had 3 spell levels left.
You didn't know any spells.
Your spell library contained the following spells:

 Spells                   Type           Power      Damage    Failure   Level
 Sting                    Tmut/Pois      0%         1d3       61%         1
 Poisonous Vapours        Pois/Air       0%         N/A       75%         2
 Portal Projectile        Hex/Tloc       0%         N/A       93%         3
 Olgreb's Toxic Radiance  Pois           0%         N/A       100%        4
 Blade Hands              Tmut           0%         N/A       100%        5
 Excruciating Wounds      Necr           0%         N/A       100%        5


Dungeon Overview and Level Annotations

Branches:
Dungeon (3/15)

Altars:
The Shining One


Message History

There is a stone staircase leading down here.
Something hits you but does no damage.
Deactivating autopickup; reactivate with Ctrl-A.
Something hits you but does no damage.
You hear some strange, mumbled words.
Something tries to affect you, but you resist.
Something is attracted toward you.
You hear some strange, mumbled words.
Something tries to affect you, but you resist.
Something is attracted toward you.
You hear some strange, mumbled words.
Something tries to affect you, but you resist.
You feel less attractive to monsters.
There is a stone staircase leading down here.
You climb downwards.
Reactivating autopickup.
There is a stone staircase leading up here.
Deactivating autopickup; reactivate with Ctrl-A.
You barely miss something.
An orc wizard appears from thin air!
Reactivating autopickup.
The orc wizard gestures at you while chanting.
You resist with some effort.
The orc wizard hits you with a +0 dagger.
* * * LOW HITPOINT WARNING * * *
You hit the orc wizard but do no damage.
The orc wizard is moderately wounded.
The orc wizard misses you.
You hit the orc wizard but do no damage.
The orc wizard is moderately wounded.
The orc wizard hits you but does no damage.
Throw: 3 throwing nets
Press: ? - help, Shift-Dir - straight line, f - orc wizard
Aim: an orc wizard, wielding a +0 dagger and wearing a +0 robe (moderately wounded, 50% to hit)
You throw a throwing net. The throwing net hits the orc wizard.
The orc wizard is caught in the net!
The orc wizard is moderately wounded.
The orc wizard gestures at you while chanting.
The magic dart hits you.
You die...
Beogh appreciates the orc wizard's killing of a heretic priest.

..####................# #.#.#
.................#....# #.#.#
.########.######......# #.#.#
...o...#.............## #.#.#
.#####.#.............########.#.#
.## #.#......................#.#
..# #.#..######.#.############.#
..## #.#.)# #o#.# #.# ...# #.#..#
#@#.######### #.#
##o###.#..########.##......# #..
#..................'......# #.#
###.#####.###...#####.###########
............+...'...+.#≈≈≈≈≈≈≈≈≈#
####.####.###...#####............
#)# #.# #...# #.#≈≈≈≈≈≈≈≈≈#
####÷####+####### #.###########
......#........# #......#


You could see an orc wizard (caught).

Vanquished Creatures
  2 gnolls
  An adder (D:2)
  A worm (D:2)
  A dart slug (D:1)
  2 orcs (D:3)
  3 ball pythons
  3 endoplasms (D:2)
  4 giant cockroaches
  3 goblins (D:1)
  10 hobgoblins
  3 jackals
  6 quokkas
  3 bats
  A frilled lizard (D:2)
  2 kobolds (D:1)
  4 rats
49 creatures vanquished.

Vanquished Creatures (others)
  An orc wizard (D:3)
  An orc (D:3)
2 creatures vanquished.

Grand Total: 51 creatures vanquished

Notes
Turn   | Place    | Note
-------+----------+-------------------------------------------
     0 | D:1      | dolemite99 the Hill Orc Gladiator began the quest for the
                  | Orb.
     0 | D:1      | Reached XP level 1. HP: 18/18 MP: 1/1
   182 | D:1      | Reached XP level 2. HP: 25/25 MP: 2/2
   463 | D:1      | Reached skill level 5 in Axes
   826 | D:1      | Reached XP level 3. HP: 17/30 MP: 3/3
  1467 | D:2      | Reached skill level 6 in Axes
  1909 | D:2      | Reached XP level 4. HP: 18/37 MP: 4/4
  2161 | D:2      | Found a faded altar of an unknown god.
  2725 | D:3      | Became a worshipper of Beogh the Brigand
  2940 | D:3      | Found a glowing golden altar of the Shining One.
  3106 | D:3      | Killed from afar by an orc wizard

Illustrated notes

Levels and vault maps discovered:
D:1:      tarquinn_simple_flora_water_f, layout_loops_corners
D:2:      minmay_angry_zag, layout_rooms, hellmonk_ecumenical_altar_blasted,
          st_stairs_12, kennysheep_generic_room_13
D:3:      layout_basic, tso_metal_star, amcnicky_mini_rare_corridor_liquid

Skill      XL: |  1  2  3 |
---------------+----------+-----
Axes           | 5 6 |  6.9
Fighting       | |  2.4
Throwing       | |  1.7
Dodging        | |  2.4

Action                   |  1- 3 |  4- 6 || total
-------------------------+-------+-------++-------
Melee: War axe           |   104 |    58 ||   162
       Punch             |     1 |       ||     1
Throw: Boomerang         |    19 |     2 ||    21
       Throwing net      |       |     1 ||     1
Invok: Convert to Beogh  |       |     1 ||     1
  Use: Potion            |       |     1 ||     1
Armor: Leather armour    |    10 |       ||    10
       Ring mail         |    30 |    31 ||    61
Dodge: Dodged            |    59 |    36 ||    95
